 Dungeon Crawl Stone Soup version 0.31-a0-816-gd61d57ddb1 (webtiles) character file.

Game seed: 3948728886982018289

9 Essalna the Conjurer (level 2, 19/19 HPs)
             Began as a Demonspawn Conjurer on Sept 22, 2023.
             Got out of the dungeon alive.
             The game lasted 00:00:45 (513 turns).

Essalna the Conjurer (Demonspawn Conjurer)           Turns: 513, Time: 00:00:46

Health: 19/19      AC:  2    Str:  7    XL:     2   Next: 3%
Magic:  5/5        EV: 12    Int: 19    God:
Gold:   17         SH:  0    Dex: 11    Spells: 4/5 levels left

rFire   . . .        f - +0 mace (protect)
rCold   . . .        (no shield)
rNeg    . . .        a - +0 robe
rPois   .            (no helmet)
rElec   .            (no cloak)
rCorr   .            (no gloves)
SInv    .            (no boots)
Will    .....        (no amulet)
Stlth   ++           (no ring)
HPRegen 0.23/turn    (no ring)
MPRegen 0.09/turn

%: no passive effects
@: no status effects
A: demonic touch 1
a: no special abilities


You escaped.
You visited 1 branch of the dungeon, and saw 1 of its levels.

You collected 17 gold pieces.

Inventory:

Hand Weapons
 f - a +0 mace of protection (weapon)
Armour
 a - a +0 robe (worn)
Scrolls
 c - a scroll of identify {unknown}
 d - a scroll of poison {unknown}
 e - a scroll of noise {unknown}
Potions
 b - a potion of magic


   Skills:
 - Level 1.7 Dodging
 - Level 1.7 Stealth
 + Level 2.3 Spellcasting
 + Level 4.2 Conjurations


You had 4 spell levels left.
You knew the following spells:

 Your Spells              Type           Power      Damage    Failure   Level
a - Magic Dart            Conj           72%        1d6       3%          1

Your spell library contained the following spells:

 Spells                   Type           Power      Damage    Failure   Level
 Searing Ray              Conj           36%        2d5       4%          2
 Dazzling Flash           Conj/Hex       20%        N/A       21%         3
 Fulminant Prism          Conj/Hex       5%         3d7       56%         4
 Iskenderun's Mystic Bla  Conj/Tloc      10%        2d4       56%         4


Dungeon Overview and Level Annotations

Branches:
Dungeon (1/15)

Altars:

Shops:
D:1 ?[


Innate Abilities, Weirdness & Mutations

Your touch may inflict minor irresistible damage on your foes.


Message History

You see here a +0 mace of protection.
You can't see any susceptible monsters within range! (Use Z to cast anyway.)
Your +0 mace of protection hums with potential!
f - a +0 mace of protection (weapon)
There is a stone staircase leading down here.
A goblin and an endoplasm come into view.
The magic dart hits the endoplasm but does no damage.
The magic dart hits the endoplasm but does no damage.
The goblin shouts!
The magic dart hits the endoplasm.
The endoplasm is heavily wounded.
You are out of magic!
You are out of magic!
You are out of magic!
You are out of magic!
You hit the endoplasm.
Your weapon exudes an aura of protection.
You kill the endoplasm!
The goblin barely misses you.
You closely miss the goblin. The goblin hits you with a +0 club.
The goblin hits you but does no damage.
You closely miss the goblin. The goblin barely misses you.
You hit the goblin.
Your weapon exudes an aura of protection.
The goblin is almost dead.
The goblin barely misses you. The goblin hits you but does no damage.
You barely miss the goblin.
The goblin is almost dead.
The goblin completely misses you.
You hit the goblin.
You kill the goblin!
You have reached level 2!
You feel monstrous as your demonic heritage exerts itself.
Your demonic ancestry asserts itself...
Your hands begin to faintly glow with unholy energy.
You see here a +0 club.
There is an open door here.
There is an open door here.
There is a staircase leading out of the dungeon here.
You have escaped!

.............#.########.....
...##.###∩##.#..............
...##.#....#.##..#####.. ...
.............###.# #.. ..
............####'#####.# ###+###
#####.#####.#.......##.####......
#.# #.#.8.8.8.##....'...... #.#
#.#.......##.####...... #######
#.'.8.@.8.'..# #...... ....#
#.#..(....#### #...... ###.#
#.#.8.8.8.# #...... #.#
#.#.......# #......
###.#######.####'##########......
............# #...#.........(...
###.######### ###...∩...........
..#.# ###............. ..#.#
#..........###


There were no monsters in sight!

Vanquished Creatures
  A dart slug (D:1)
  2 endoplasms (D:1)
  A goblin (D:1)
  A quokka (D:1)
  A frilled lizard (D:1)
6 creatures vanquished.

Notes
Turn   | Place    | Note
-------+----------+-------------------------------------------
     0 | D:1      | Essalna the Demonspawn Conjurer began the quest for the
                  | Orb.
     0 | D:1      | Reached XP level 1. HP: 13/13 MP: 3/3
    11 | D:1      | Found Woarchih's Magic Scroll Shop.
   198 | D:1      | Found Fuump's Armour Shoppe.
   476 | D:1      | Discovered your monstrous ancestry.
   476 | D:1      | Gained mutation: Your touch may inflict minor irresistible
                  | damage on your foes. [demonic ancestry]
   476 | D:1      | Reached XP level 2. HP: 16/19 MP: 1/5
   513 | D:$      | Got out of the dungeon alive.

Illustrated notes

Levels and vault maps discovered:
D:1:      doesnt_arrival_eight_statues, layout_basic, serial_shops,
          nicolae_shop_window_shopping, shop, nicolae_shop_tiny_real_fake_doors,
          shop, shop, chequers_serial_rivers_small_a

Action                     || total
---------------------------++-------
  Melee: Mace              ||     6
         Unarmed           ||     2
   Cast: Magic Dart        ||    16
 Armour: Robe              ||     8
  Dodge: Dodged            ||     4

Table legend: (Time is in decaauts)
 A = Elapsed time spent in this place.
 B = Non-inter-level travel time spent in this place.
 C = Inter-level travel time spent in this place.
 D = Time resting spent in this place.
 E = Time spent auto-exploring this place.
 F = Levels seen in this place.
 G = Mean time per level.
                   A        B        C        D        E       F      G
               +--------+--------+--------+--------+--------+-----+--------+
         Total |    516 |    480 |     36 |      0 |    404 |   1 |  516.0 |
       Dungeon |    516 |    480 |     36 |      0 |    404 |   1 |  516.0 |
               +--------+--------+--------+--------+--------+-----+--------+

Top non-repeatable levels by time:
     D:1: 516 daAuts
